 Dungeon Crawl Stone Soup version 0.28-a0-578-g717728bcc0 (webtiles) character file.

Game seed: 8866451596961175475

305 Conn the Sneak (level 6, -4/38 HPs)
             Began as an Octopode Fire Elementalist on Oct 2, 2021.
             Slain by an iguana (11 damage)
             ... on level 4 of the Dungeon.
             The game lasted 00:05:35 (3503 turns).

Conn the Sneak (Octopode Fire Elementalist)         Turns: 3503, Time: 00:05:36

Health: -4/38      AC:  1    Str:  7    XL:     6   Next: 39%
Magic:  3/10       EV: 13    Int: 20    God:
Gold:   149        SH:  0    Dex: 12    Spells: 6/10 levels left

rFire   . . .      SeeInvis .   b - +0 dagger
rCold   . . .      Faith    .   (no shield)
rNeg    . . .      Spirit   .   (helmet restricted)
rPois   .          Reflect  .   (no amulet)
rElec   .          Harm     .   (no ring)
rCorr   .          Rampage  .   (no ring)
Will    .....                   (no ring)
Stlth   ++++......              (no ring)
HPRegen 0.12/turn               (no ring)
MPRegen 0.12/turn               (no ring)
                                (no ring)
                                (no ring)

@: no status effects
A: almost no armour, amphibious, 8 rings, camouflage 1, gelatinous body 1,
(nimble swimmer 1), tentacles
a: no special abilities


You were on level 4 of the Dungeon.
You visited 1 branch of the dungeon, and saw 4 of its levels.

You collected 149 gold pieces.

Inventory:

Hand Weapons
 a - a +0 triple crossbow
 b - a +0 dagger (weapon)
Missiles
 e - 2 throwing nets
Scrolls
 d - 3 scrolls of identify {unknown}
 g - a scroll of vulnerability {unknown}
 j - a scroll of enchant armour {unknown}
 k - a scroll of magic mapping {unknown}
 l - a scroll of fear {unknown}
Potions
 c - a potion of heal wounds {unknown}
 f - a potion of resistance {unknown}
 h - a potion of lignification {unknown}
 i - a potion of curing {unknown}
 m - a potion of haste {unknown}


   Skills:
 + Level 1.1 Fighting
 + Level 2.0 Short Blades
 + Level 2.8 Dodging
 + Level 5.3 Stealth
 + Level 2.7 Spellcasting
 + Level 2.3 Conjurations
 + Level 3.9 Fire Magic


You had 6 spell levels left.
You knew the following spells:

 Your Spells              Type           Power      Damage    Failure   Level
a - Foxfire               Conj/Fire      60%        2x1d7     4%          1
b - Conjure Flame         Conj/Fire      15%        6-21      12%         3

Your spell library contained the following spells:

 Spells                   Type           Power      Damage    Failure   Level
 Scorch                   Fire           36%        2d6       4%          2
 Inner Flame              Hex/Fire       10%        N/A       21%         3
 Flame Wave               Conj/Fire      15%        3d5       38%         4


Dungeon Overview and Level Annotations

Branches:
Dungeon (4/15)
 Temple: D:4-7

Altars:
Ashenzari
Cheibriados
Ru

Annotations:
D:4 1 runed translucent door, Palle's ghost, weakling TrGl


Innate Abilities, Weirdness & Mutations

You cannot wear most types of armour.
You are amphibious.
You can wear up to eight rings at the same time.
Your skin changes colour to match your surroundings (Stealth+).
Your rubbery body absorbs attacks. (AC +1, EV +1)
((You are camouflaged near water. (Stealth+)))
You have tentacles for arms and can constrict up to eight enemies at once.


Message History

Unknown command.
Casting: Foxfire (safe; 4% risk of failure)
Confirm with . or Enter, or press ? or * to list all spells.
You don't have enough magic to cast this spell.
Unknown command.
You barely miss the iguana.
The iguana is moderately wounded.
You constrict the iguana.
Unknown command.
You barely miss the iguana.
The iguana is moderately wounded.
You constrict the iguana, but do no damage.
The iguana bites you!
You hit the iguana but do no damage.
The iguana is moderately wounded.
You constrict the iguana. The iguana closely misses you.
You hit the iguana but do no damage. You squeeze the iguana.
The iguana is severely wounded.
You constrict the iguana, but do no damage.
The iguana bites you!
You release your grip on the iguana.
A gnoll comes into view. It is wielding a +0 whip.
Casting: Foxfire (safe; 4% risk of failure)
Confirm with . or Enter, or press ? or * to list all spells.
You miscast Foxfire.
You are very lightly contaminated with residual magic.
Nothing appears to happen.
The iguana bites you!
* * * LOW HITPOINT WARNING * * *
Unknown command.
Press: ? - help, v - describe, . - travel
Here: an iguana (severely wounded)
The floor, spattered with blood.
Unknown command.
Your magical contamination has completely faded away.
Found a short sword.
Palle's ghost turns its malevolent gaze towards you.
The adder hisses angrily.
There is an open door here.
The iguana bites you!
You die...

# #.#########....# #
########.##...........### ##
##...#.....#.......<...... .#
##....#.....#..............
.######.....#.....#.......#######
............#.....'....)..#....).
............'.....#....)..#g#._.#
............####l.#.......#g#.^.#
...#####+##....#@.#########.#####
...+ #...>#.....# #...... ...#
#....'.....# ###g''# .g.#
#....#<....# #....# ...#
#....#.....# #g#### ...#
#....#.....# #.# ...#
#....#+##.########.#### ..##
....###.##.....g........ ..# .
+...................


You could see an iguana.

Vanquished Creatures
  A necrophage (D:4)
  An orc priest (D:3)
  Jessica (D:3)
  2 orc wizards (D:3)
  3 gnolls (D:4)
  An adder (D:3)
  5 orcs (D:3)
  4 ball pythons
  6 endoplasms
  5 giant cockroaches
  12 goblins
  6 hobgoblins
  3 jackals (D:2)
  3 kobolds
  3 quokkas (D:1)
  3 bats
  4 frilled lizards
  7 rats
70 creatures vanquished.

Vanquished Creatures (others)
  129 foxfires
129 creatures vanquished.

Grand Total: 199 creatures vanquished

Notes
Turn   | Place    | Note
-------+----------+-------------------------------------------
     0 | D:1      | Conn the Octopode Fire Elementalist began the quest for the
                  | Orb.
     0 | D:1      | Reached XP level 1. HP: 11/11 MP: 3/3
    73 | D:1      | Reached XP level 2. HP: 15/17 MP: 0/5
   286 | D:1      | Found a faded altar of an unknown god.
   802 | D:1      | Reached XP level 3. HP: 21/21 MP: 6/6
  1048 | D:2      | Noticed an ogre
  1381 | D:2      | Reached skill level 3 in Stealth
  1687 | D:2      | Learned a level 3 spell: Conjure Flame
  1938 | D:3      | Reached XP level 4. HP: 27/27 MP: 7/7
  1954 | D:3      | Reached skill level 1 in Short Blades
  1954 | D:3      | Reached skill level 4 in Stealth
  2205 | D:3      | Noticed Jessica
  2212 | D:3      | Killed Jessica
  2213 | D:3      | Reached XP level 5. HP: 32/32 MP: 8/8
  2234 | D:3      | Found a sacrificial altar of Ru.
  3155 | D:4      | Found a broken altar of Ashenzari.
  3217 | D:4      | Found a snail-covered altar of Cheibriados.
  3235 | D:4      | Reached skill level 5 in Stealth
  3439 | D:4      | Found a runed translucent door.
  3441 | D:4      | Noticed Palle's ghost (weakling TrGl)
  3445 | D:4      | Noticed a necrophage
  3461 | D:4      | Killed a necrophage
  3462 | D:4      | Reached skill level 1 in Fighting
  3462 | D:4      | Reached XP level 6. HP: 31/38 MP: 2/10
  3503 | D:4      | Slain by an iguana

Illustrated notes

Levels and vault maps discovered:
D:1:      minmay_arrival_checkered_box, layout_basic,
          ebering_ecumenical_altar_webs, minivault_11
D:2:      layout_loops_ring, bh_walls_and_bars
D:3:      layout_loops_corners, lemuel_crystal_altar, uniq_jessica
D:4:      minmay_polygon_palace, layout_gridville, mainiacjoe_overflow_alcove_4,
          slow_altar_1, ebering_ghost_sewer_d, minmay_manual_maat

Skill      XL: |  1  2  3  4  5 |
---------------+----------------+-----
Stealth        | 3 4 5 |  5.3
Short Blades   | 1 2 |  2.0
Conjurations   | 2 |  2.3
Fighting       | 1 |  1.1
Dodging        | |  2.8
Spellcasting   | |  2.7
Fire Magic     | |  3.9

Action                   |  1- 3 |  4- 6 || total
-------------------------+-------+-------++-------
Melee: Unarmed           |    10 |       ||    10
       Constrict         |    12 |    10 ||    22
       Dagger            |    42 |    41 ||    83
       Tentacles         |     8 |     9 ||    17
 Cast: Foxfire           |    47 |    28 ||    75
  Use: Scroll            |       |     1 ||     1
 Stab: Sleeping          |     7 |     8 ||    15
Armor: Skin              |     4 |     2 ||     6
Dodge: Dodged            |    26 |    25 ||    51

Table legend: (Time is in decaauts)
 A = Elapsed time spent in this place.
 B = Non-inter-level travel time spent in this place.
 C = Inter-level travel time spent in this place.
 D = Time resting spent in this place.
 E = Time spent auto-exploring this place.
 F = Levels seen in this place.
 G = Mean time per level.
                   A        B        C        D        E       F      G
               +--------+--------+--------+--------+--------+-----+--------+
         Total |   3499 |   3464 |     35 |      0 |   2676 |   4 |  874.8 |
       Dungeon |   3499 |   3464 |     35 |      0 |   2676 |   4 |  874.8 |
               +--------+--------+--------+--------+--------+-----+--------+

Top non-repeatable levels by time:
     D:3: 1330 daAuts
     D:1: 991 daAuts
     D:2: 756 daAuts
     D:4: 420 daAuts
